 Dungeon Crawl Stone Soup version 0.22-a0-410-g97be04f (webtiles) character file.

24 Mgcat the Skirmisher (level 2, -1/24 HPs)
             Began as a Mummy Fighter on May 11, 2018.
             Slain by a gnoll
             ... wielding a +0 club
              (5 damage)
             ... on level 1 of the Dungeon.
             The game lasted 00:01:49 (1170 turns).

Mgcat the Skirmisher (Mummy Fighter)                Turns: 1170, Time: 00:01:50

Health: -1/24      AC:  6    Str: 19    XL:     2   Next: 79%
Magic:  2/2        EV:  7    Int:  7    God:
Gold:   100        SH:  8    Dex: 11    Spells: 1/1 levels left

rFire    x . .     SeeInvis .   j - +0 morningstar
rCold    + . .     Gourm    .   c - +0 shield
rNeg     + + +     Faith    .   b - +0 scale mail
rPois    ∞         Spirit   .   (no helmet)
rElec    .         Reflect  .   (no cloak)
rCorr    .         Harm     .   (no gloves)
MR       .....                  (no boots)
Stlth    ..........             (no amulet)
HPRegen  0.08/turn              (no ring)
MPRegen  0.08/turn              (no ring)

@: no status effects
A: no food or potions, fire vulnerability, cold resistance 1, negative energy
resistance 3, torment resistance, unbreathing
a: no special abilities


You were on level 1 of the Dungeon.
You were not hungry.

You visited 1 branch of the dungeon, and saw 2 of its levels.

You collected 100 gold pieces.

Inventory:

Hand Weapons
 a - a +0 flail
 j - a +0 morningstar (weapon)
   (You found it on level 2 of the Dungeon)
Armour
 b - a +0 scale mail (worn)
 c - a +0 shield (worn)
Scrolls
 d - a scroll of holy word {unknown}
 e - a scroll of noise {unknown}
 f - a scroll of magic mapping {unknown}
 g - 2 scrolls of identify {unknown}
 h - a scroll of fog {unknown}
 i - a scroll of remove curse {unknown}


   Skills:
 + Level 3.5 Fighting
 + Level 2.2 Maces & Flails
 - Level 2.4 Armour
 - Level 2.4 Shields


You had one spell level left.
You didn't know any spells.

Dungeon Overview and Level Annotations

Branches:
Dungeon (2/15)

Altars:


Innate Abilities, Weirdness & Mutations

You do not eat or drink.
Your flesh is vulnerable to fire.
You are immune to poison.
Your flesh is cold resistant. (rC+)
You are immune to negative energy. (rN+++)
You are immune to unholy pain and torment.
You can survive without breathing.


Message History

Done exploring.
Done exploring.
Done exploring.
(D) Dungeon
Where to? (? - help)
What level of the Dungeon? (default 1, ? - help)
There is an open door here.
There is a stone staircase leading down here.
You climb downwards.
There is a stone staircase leading up here.
You see here a leather armour.
There is a stone staircase leading up here.
You see here 17 arrows.
i - a scroll labeled TIURRA VECESI You open the door.
A quokka comes into view.
The quokka twitches its whiskers.
A quokka is nearby!
There is an open door here.
You barely miss the quokka. The quokka closely misses you.
You barely miss the quokka.
The quokka bites you but does no damage.
The quokka barely misses you.
You completely miss the quokka. The quokka barely misses you.
The quokka closely misses you.
You closely miss the quokka.
The quokka bites you but does no damage.
You block the quokka's attack.
You closely miss the quokka. The quokka bites you.
Your shield and scale mail prevent you from hitting the quokka.
The quokka closely misses you.
The quokka bites you but does no damage.
You sock the quokka!
You kill the quokka!
No target in view!
No target in view!
A ball python comes into view.
A ball python is nearby!
The ball python hisses angrily.
The ball python barely misses you. x2
You thump the ball python!
You kill the ball python!
No target in view!
No target in view!
You now have 89 gold pieces (gained 9).
You open the door.
There is an open door here.
You now have 100 gold pieces (gained 11).
HP restored.
A goblin comes into view.
The goblin shouts!
You block the goblin's attack.
You completely miss the goblin. The goblin hits you.
You closely miss the goblin. The goblin hits you but does no damage.
You thump the goblin!
You kill the goblin!
No target in view!
No target in view!
There is a stone staircase leading up here.
There is a stone staircase leading up here.
You see here 17 arrows.
There is an open door here.
You open the door.
There is an open door here.
Key pressed, stopping explore.
Unknown command.
You see here a morningstar.
j - a morningstar Wield which item (- for none, * to show all)? (? for menu, Esc to quit)
j - a +0 morningstar (weapon)
A gnoll comes into view. It is wielding a spear.
The gnoll shouts!
You hear a shout! 2 gnolls come into view.
The gnoll shouts! x2
A gnoll comes into view. It is wielding a club.
You barely miss the gnoll. The gnoll hits you with a spear!
You block the gnoll's attack. The gnoll hits you but does no damage.
You are too injured to fight recklessly!
You are too injured to fight recklessly!
The gnoll hits you from afar with a spear.
You closely miss the gnoll. The gnoll hits you with a club.
You block the gnoll's attack.
You sock the gnoll!
The gnoll is almost dead.
The gnoll hits you with a club!
* * * LOW HITPOINT WARNING * * *
You block the gnoll's attack. The gnoll hits you but does no damage.
The gnoll closely misses you.
There is an open door here.
There is an open door here.
You see here 17 arrows.
There is a stone staircase leading up here.
The gnoll hits you with a club.
* * * LOW HITPOINT WARNING * * *
You climb upwards.
There is a stone staircase leading down here.
You closely miss the gnoll.
The gnoll is almost dead.
The gnoll hits you with a club.
You die...

#.# #.# #..##.##.# # #.# #.#
#........# # #.# ##'###.###.####
# #.# ##...##.# #.# # ####.####
##.....#.# #.### # #.......#
##........# #.#.## #
#.#.....####.........###....###
##.#........'.g.......'.........
#...[.....###..@%.....#.#.....##
#.........# ##........#.#...#.##
#.........# ##.....#.#.###.#.##
##.......## ##...##.#.# #.#.##
###...### ##'###.#.###.#.##
#...# #.# #.#.......##
###.####### #.# #.#####.####
#.......# ##.###.# #.# #
#.#####.###...##.# #.# #


You could see a gnoll.

Vanquished Creatures
  A dart slug (D:1)
  A ball python (D:2)
  3 bats (D:1)
  A giant cockroach (D:1)
  3 jackals (D:1)
  5 kobolds (D:1)
  A quokka (D:2)
  A frilled lizard (D:1)
  2 goblins
  4 rats (D:1)
22 creatures vanquished.

Notes
Turn   | Place    | Note
-------+----------+-------------------------------------------
     0 | D:1      | Mgcat the Mummy Fighter began the quest for the Orb.
     0 | D:1      | Reached XP level 1. HP: 18/18 MP: 1/1
   292 | D:1      | Reached skill level 2 in Maces & Flails
   292 | D:1      | Reached XP level 2. HP: 24/24 MP: 2/2
  1145 | D:2      | HP: 4/24 [gnoll/club (7)]
  1168 | D:2      | HP: 3/24 [gnoll/club (2)]
  1170 | D:1      | Slain by a gnoll

Vault maps used:
D:1:      dpeg_arrival_short_road, dk_noncrumbling_3
D:2:      cheibriados_altar_1, nicolae_overflow_crystal_walls, first_ration

Skill      XL: |  1 |
---------------+----+-----
Maces & Flails | 2 |  2.2
Fighting       | |  3.5
Armour         | |  2.4
Shields        | |  2.4

Action                   || total
-------------------------++-------
Melee: Flail             ||    77
       Morningstar       ||     4
Armor: Scale mail        ||    47
Dodge: Dodged            ||    32
Block: Shield            ||    41

Table legend:
 A = Spawn XP
 B = Non-spawn XP
 C = Spawn XP percentage of total XP
 D = Spawn monster count
 E = Non-spawn monster count
 F = Spawn count percentage of total count
 G = Total turns spent on level
                    A         B        C        D         E        F      G
               +---------+---------+-------+---------+---------+-------+---------
         Total |       0 |      35 |   0.0 |       0 |      22 |   0.0 |  1170
               +---------+---------+-------+---------+---------+-------+---------
           D:1 |       0 |      29 |   0.0 |       0 |      19 |   0.0 |   923
           D:2 |       0 |       6 |   0.0 |       0 |       3 |   0.0 |   247
               +---------+---------+-------+---------+---------+-------+---------

Vault maps used:
D:1:      dpeg_arrival_short_road, dk_noncrumbling_3
D:2:      cheibriados_altar_1, nicolae_overflow_crystal_walls, first_ration

Table legend:
 A = Turns spent in this place as a percentage of turns spent in the entire game.
 B = Non-inter-level travel turns spent in this place as a percentage of non-inter-level travel turns spent in the entire game.
 C = Inter-level travel turns spent in this place as a percentage of turns spent in this place.
 D = Turns resting spent in this place as a percentage of non-inter-level travel turns spent in this place.
 E = Turns spent auto-exploring this place as a percentage of non-inter-level travel turns spent in this place.
 F = Non-inter-level travel turns spent in this place divided by the number of levels of this place that you've seen.
                   A       B       C       D       E      F
               +-------+-------+-------+-------+-------+----------------------
         Total | 100.0 | 100.0 |   3.5 |   0.0 |  84.7 | 564.5
       Dungeon | 100.0 | 100.0 |   3.5 |   0.0 |  84.7 | 564.5
               +-------+-------+-------+-------+-------+----------------------

Table legend:
 A = Kills in this place as a percentage of kills in entire the game.
 B = Kills by you in this place as a percentage of kills by you in the entire game.
 C = Kills by friends in this place as a percentage of kills by friends in the entire game.
 D = Other kills in this place as a percentage of other kills in the entire game.
 E = Experience gained in this place as a percentage of experience gained in the entire game.
 F = Experience gained in this place divided by the number of levels of this place that you have seen.
                   A       B       C       D       E      F
               +-------+-------+-------+-------+-------+----------------------
         Total | 100.0 | 100.0 |   N/A |   N/A | 100.0 |  17.5
       Dungeon | 100.0 | 100.0 |   N/A |   N/A | 100.0 |  17.5
               +-------+-------+-------+-------+-------+----------------------
